Cogmind - Beta 15 @@@ ROGUE MODE // 2025.06.17 @ 00:10:12 Player: Envian Result: Destroyed by B-48 Gladiator with Mace Performance ------------- Evolutions (3) 1500 Regions Visited (9) 1800 Robots Destroyed (119) 595 Value Destroyed (4335) 4335 Prototype IDs (31) 620 Alien Tech Used (0) 0 Bonus (1321) 1321 TOTAL SCORE: 10171 Bonus ------- High Alert Combat Kills 321 Entered Garrisons 200 Used RIF Installer 500 Aligned with FarCom 300 Cogmind --------- Core Integrity 0/700 Matter 300/300 Energy 99/100 System Corruption 32% Temperature Cool (0) Movement Treading (160) Location -7/Lower Caves Parts ------- > --- POWER (1) -------- (None) > --- PROPULSION (4) --- Medium Treads > --- UTILITY (6) ------ (None) > --- WEAPON (2) ------- Improved Datajack (fused) Chainsword > --- INVENTORY (5) ---- Improved Heat Sink AWS/Gauss Power Maul Chainsword Peak State ------------ > --- POWER ------------ Improved Deuterium Engine > --- PROPULSION ------- Improved Carbon-fiber Leg Improved Carbon-fiber Leg Improved Carbon-fiber Leg Improved Titanium Leg > --- UTILITY ---------- Large Storage Unit Targeting Computer Advanced Targeting Computer Hardened Heavy Armor Plating Hacking Suite > --- WEAPON ----------- AWS/Gauss > --- INVENTORY -------- Improved Deuterium Engine ECM Suite Improved Medium Armor Plating Heavy Particle Gun Heavy Particle Gun Heavy Laser Improved EM Pulse Cannon Enhanced Autogun Improved Datajack [Rating: 55] Favorites ----------- Power Improved Deuterium Engine Engine Improved Deuterium Engine Power Core Light Nuclear Core Propulsion Aluminum Leg Treads Medium Treads Leg Aluminum Leg Flight Unit VTOL Module Utility Large Storage Unit Device Improved Heat Sink Storage Large Storage Unit Processor Targeting Computer Hackware Hacking Suite Protection Hardened Heavy Armor Plating Weapon Chainsword Energy Gun Heavy Particle Gun Energy Cannon Improved EM Pulse Cannon Ballistic Gun Shotgun Ballistic Cannon Light Cannon Launcher Rocket Launcher Slashing Weapon Chainsword Special Melee Weapon Improved Datajack Build | -11 -10 -10 -10 -9 -8 -7 -7 -7 -7 ------- Run | Yrd Mat Min Exi Min Mat Fac Gar Fac Low Slots Evolved 6 | . . . . . 4 2 . . . Power . | . . . . . . . . . . Propulsion 2 | . . . . . 1 1 . . . Utility 4 | . . . . . 3 1 . . . Weapon . | . . . . . . . . . . Parts Attached 95 | 6 8 . . 2 29 2 13 31 4 Power 11 | 1 1 . . . 3 . 2 3 1 Engine 7 | 1 . . . . 1 . 2 3 . Core 4 | . 1 . . . 2 . . . 1 Reactor . | . . . . . . . . . . Propulsion 27 | 2 . . . . 8 1 5 10 1 Treads 3 | . . . . . . . . 3 . Leg 22 | 2 . . . . 8 1 5 6 . Wheel . | . . . . . . . . . . Hover . | . . . . . . . . . . Flight 2 | . . . . . . . . 1 1 Utility 28 | 1 2 . . 1 7 1 3 12 1 Device 11 | . . . . . 3 . 2 5 1 Storage 4 | 1 2 . . . 1 . . . . Processor 2 | . . . . . 2 . . . . Hackware 3 | . . . . . . 1 . 2 . Protection 8 | . . . . 1 1 . 1 5 . Artifact . | . . . . . . . . . . Weapon 29 | 2 5 . . 1 11 . 3 6 1 Energy Gun 5 | . . . . . 4 . 1 . . Energy Cannon 4 | . . . . . 4 . . . . Ballistic Gun 11 | 2 4 . . . 1 . 1 3 . Ballistic Cannon 2 | . 1 . . . 1 . . . . Launcher 2 | . . . . 1 1 . . . . Special Weapon . | . . . . . . . . . . Impact Weapon . | . . . . . . . . . . Slashing Weapon 3 | . . . . . . . . 2 1 Piercing Weapon . | . . . . . . . . . . Special Melee Weapon 2 | . . . . . . . 1 1 . Unidentified Prototypes 1 | . . . . . . . 1 . . Parts Lost 60 | . . . . . 15 4 12 22 7 Power 7 | . . . . . 2 1 1 2 1 Propulsion 22 | . . . . . 5 1 4 9 3 Utility 21 | . . . . . 3 1 5 9 3 Weapon 10 | . . . . . 5 1 2 2 . Highest Loss Streak 10 | . . . . . 4 4 10 4 4 To Critical Strikes 2 | . . . . . . . 1 1 . Average Backups 9 | . 6 10 10 10 10 10 9 9 4 Power 1 | . 1 2 2 2 1 2 1 1 . Propulsion . | . . 1 1 1 2 1 . . . Utility 2 | . 1 2 2 2 1 2 2 3 1 Weapon 3 | . 2 5 5 5 4 4 4 3 2 Tool/Special . | . . . . . . . . . . Unused Backups 9 | . 1 . . . 5 . . 2 1 Power 2 | . 1 . . . 1 . . . . Propulsion 2 | . . . . . 2 . . . . Utility 3 | . . . . . 1 . . 1 1 Weapon 2 | . . . . . 1 . . 1 . Tool/Special . | . . . . . . . . . . Average Slot Usage (%) 83 | . 85 85 85 98 91 96 82 78 58 Engine 5 | . 8 . . . 3 6 6 5 1 Core 3 | . 5 14 14 14 5 . . . 4 Treads 1 | . . . . . . . . 3 15 Leg 24 | . 28 28 28 28 24 27 28 20 . Device 7 | . . . . . 12 6 2 11 13 Storage 9 | . 14 14 14 14 11 7 7 5 . Processor 5 | . . . . . 15 15 11 . . Hackware 3 | . . . . . . 7 5 6 . Protection 4 | . . . . 12 . 7 6 8 . Energy Gun 2 | . . . . . 9 14 4 . . Energy Cannon 1 | . . . . . 5 . . . . Ballistic Gun 8 | . 22 28 28 20 1 . 4 3 . Ballistic Cannon 1 | . 5 . . . 1 . . . . Slashing Weapon 2 | . . . . . . . . 7 7 Special Melee Weapon 1 | . . . . . . . 1 1 7 Peak Build Rating 55 | 6 11 11 13 15 41 48 55 48 34 Average Rating 30 | 3 7 11 12 14 32 46 44 37 25 On Entrance 19 | . 6 11 11 13 15 41 33 35 26 Naked Turns . | . . . . . . . . . . Heaviest Build 64 | 12 31 31 31 39 46 46 60 64 13 Greatest Support 84 | 20 20 20 20 20 54 72 74 84 28 Greatest Overweight (x) 15 | . 1 1 1 1 13 . 2 15 . Average Overweight (x) . | . . 1 1 1 . . . . . Largest Inventory Capacity 15 | 8 15 15 15 15 15 15 15 15 5 Average Capacity 13 | 6 13 15 15 15 15 15 15 12 5 Most Carried 15 | 5 10 10 12 12 15 14 15 15 5 Average Carried 10 | 1 6 10 11 11 11 12 11 11 4 Final Capacity 15 | 8 15 15 15 15 15 15 15 5 5 Final Carried 15 | . 10 10 12 12 13 13 15 5 5 Class Distribution -------------------- 64% | Mutant 30% | Scavenger-Mutant Dominant Class ---------------- Mutant | -10/Materials Mutant | -10/Mines Mutant | -10/Exiles Mutant | -9/Mines Mutant | -8/Materials Mutant | -7/Factory Mutant | -7/Garrison Scavenger-Mutant | -7/Factory Mutant | -7/Lower Caves Resources | -11 -10 -10 -10 -9 -8 -7 -7 -7 -7 ----------- Run | Yrd Mat Min Exi Min Mat Fac Gar Fac Low Matter Collected 2433 | 236 410 . . 52 436 . 389 845 65 Remotely . | . . . . . . . . . . Salvage Created 5026 | . 683 35 . . 1530 56 1126 1502 94 Parts 278 | . 51 9 . . 72 . 57 83 6 Haulers Intercepted 6 | . 1 . . . 4 . . 1 . Recyclers Shooed . | . . . . . . . . . . Parts Field Recycled . | . . . . . . . . . . Retrieved Matter . | . . . . . . . . . . Parts Self-Destructed 6 | . . . . . . . . . 6 Prevented . | . . . . . . . . . . Kills | -11 -10 -10 -10 -9 -8 -7 -7 -7 -7 ------- Run | Yrd Mat Min Exi Min Mat Fac Gar Fac Low Combat Hostiles Destroyed 103 | . 16 3 . 2 23 1 26 28 4 Melee 28 | . . . . . . . . 24 4 Guns 53 | . 11 3 . . 9 1 25 4 . Cannons 14 | . 5 . . . 9 . . . . AOE 5 | . . . . 2 2 . 1 . . Classes Destroyed 14 | . 6 . . 1 4 . 3 . . Builder 3 | . . . . . 3 . . . . Hauler 6 | . 1 . . . 4 . . 1 . Recycler 4 | . 1 . . . . . . 3 . Operator 3 | . 1 . . . 1 . . 1 . Watcher 2 | . 2 . . . . . . . . Swarmer 29 | . 3 3 . . . . 10 9 4 Grunt 44 | . 13 . . . 14 . 12 5 . Brawler 1 | . . . . . . . 1 . . Duelist 1 | . . . . . . . 1 . . Sentry 16 | . . . . . 7 . 1 8 . Hunter 3 | . . . . . 1 1 . 1 . Programmer 6 | . . . . . . . 1 5 . Heavy 1 | . . . . . 1 . . . . Assembled 2 | . . . . 2 . . . . . Best Kill Streak 5 | . 5 3 . 2 4 1 4 3 2 Combat Bots Only 5 | . 5 3 . 2 3 1 4 3 2 Max Kills in Single Turn 2 | . 1 1 . 2 1 1 2 1 1 Gunslinging 1 | . . . . . . . 1 . . Exploded 2 | . . . . 2 1 . 1 . . Melee 1 | . . . . . . . . 1 1 Uniques/NPCs Destroyed . | . . . . . . . . . . Combat | -11 -10 -10 -10 -9 -8 -7 -7 -7 -7 -------- Run | Yrd Mat Min Exi Min Mat Fac Gar Fac Low Hostile Shots Fired 896 | . 62 14 . 1 111 74 153 450 31 Missed 260 | . 25 5 . . 22 16 42 145 5 Hits 636 | . 37 9 . 1 89 58 111 305 26 Melee 8 | . . . . . . . 6 . 2 Projectile 628 | . 37 9 . 1 89 58 105 305 24 AOE 3 | . . . . . . . . 3 . Critical Strikes 14 | . . . . . 6 1 4 3 . Damage Taken 8404 | . 437 70 . 12 1958 535 1568 3398 426 Core 1235 | . 99 8 . . 400 72 137 433 86 Absorbed by Shields . | . . . . . . . . . . Core Remaining (%) 61 | 100 . . . 57 27 . . . . Volleys Fired 251 | . 66 5 . 1 82 11 55 31 . Largest 2 | . 2 2 . 1 2 2 2 2 . Hottest 138 | . 50 46 . 33 138 110 110 60 . Shots Fired 510 | . 127 10 . 1 154 17 141 60 . Gun 424 | . 101 10 . . 99 17 137 60 . Cannon 80 | . 26 . . . 50 . 4 . . Launcher 6 | . . . . 1 5 . . . . Special . | . . . . . . . . . . Kinetic 315 | . 127 10 . . 28 . 90 60 . Thermal 148 | . . . . . 84 17 47 . . Explosive 1 | . . . . 1 . . . . . Electromagnetic 46 | . . . . . 42 . 4 . . Robot Hit Streak 20 | . 11 3 . 2 20 10 13 10 . Robot Miss Streak 7 | . 3 7 . . 3 1 3 3 . Penetration Max . | . . . . . . . . . . Secondary Targets 6 | . . 1 . . 1 . 4 . . Max Gunslinging Chain 1 | . . 1 . . 1 . 1 . . Autonomous 46 | . . . . . 4 . 42 . . Shots Hit Robots 453 | . 65 5 . 1 120 15 105 132 10 Core Hits 176 | . 38 3 . 2 48 2 39 41 3 Critical Kills 1 | . 1 . . . . . . . . Critical Parts Destroyed 1 | . 1 . . . . . . . . Critical Strikes 19 | . 2 . . . 2 1 1 11 2 Burn 3 | . . . . . 1 1 1 . . Destroy 2 | . 2 . . . . . . . . Corrupt 1 | . . . . . 1 . . . . Sever 13 | . . . . . . . . 11 2 Melee Attacks 152 | . . . . . . . 9 128 15 Impact . | . . . . . . . . . . Slashing 134 | . . . . . . . . 120 14 Piercing . | . . . . . . . . . . Sneak Attacks 8 | . . . . . . . . 8 . Combat Hostiles 1 | . . . . . . . . 1 . Follow-up Attacks 6 | . . . . . . . . 6 . Damage Inflicted 11201 | . 778 64 . 80 3070 311 2290 4274 334 Guns 5622 | . 526 64 . . 1538 311 2290 893 . Cannons 1304 | . 237 . . . 1067 . . . . Explosions 541 | . . . . 76 465 . . . . Melee 3715 | . . . . . . . . 3381 334 Ramming 19 | . 15 . . 4 . . . . . Kinetic 3892 | . 763 64 . . 443 . 1729 893 . Thermal 2307 | . . . . . 1435 311 561 . . Explosive 190 | . . . . 76 114 . . . . Electromagnetic 1078 | . . . . . 1078 . . . . Impact . | . . . . . . . . . . Slashing 3715 | . . . . . . . . 3381 334 Piercing . | . . . . . . . . . . Highest Corruption 32 | . . . . . . . 19 24 32 Average Corruption 20 | . . . . . . . 18 20 24 Corruption Purged . | . . . . . . . . . . Corruption Blocked . | . . . . . . . . . . Effects 158 | . . . . . . . 21 126 11 Message Errors 33 | . . . . . . . 7 24 2 Matter Fused 42 | . . . . . . . 3 37 2 Heat Flow Errors 18 | . . . . . . . 4 13 1 Energy Discharges 17 | . . . . . . . 1 16 . Parts Rejected 3 | . . . . . . . . 3 . Parts Fused 4 | . . . . . . . . 3 1 Data Loss (minor) 23 | . . . . . . . 3 18 2 Data Loss (major) 7 | . . . . . . . . 6 1 Misfires 3 | . . . . . . . 2 1 . Misdirections 4 | . . . . . . . . 2 2 Weapon Failures 4 | . . . . . . . 1 3 . Overload Shots . | . . . . . . . . . . Overflow Damage 377 | . . . . . 46 . . 299 32 Projectiles . | . . . . . . . . . . Explosions 46 | . . . . . 46 . . . . Melee 331 | . . . . . . . . 299 32 Knockbacks 3 | . 1 . . . 2 . . . . Impact . | . . . . . . . . . . Kinetic 3 | . 1 . . . 2 . . . . Secondary . | . . . . . . . . . . Self-Inflicted Damage 222 | . . . . . 222 . . . . Shots 6 | . . . . . 6 . . . . Rammed . | . . . . . . . . . . Targets Rammed 4 | . 3 . . 1 . . . . . Kicked 4 | . 3 . . 1 . . . . . Crushed . | . . . . . . . . . . Highest Temperature 455 | . 12 . . 2 90 286 455 249 167 Average Temperature 74 | . 4 . . 1 27 187 122 53 88 Received Heat Transfer 1917 | . 231 . . . 576 90 447 564 9 Effects 6 | . . . . . . . 6 . . Energy Bleed 1 | . . . . . . . 1 . . Interference 5 | . . . . . . . 5 . . Siege Activations . | . . . . . . . . . . Martial Activations . | . . . . . . . . . . Shielding Activations . | . . . . . . . . . . Robots Disrupted . | . . . . . . . . . . Combat Hostiles . | . . . . . . . . . . Robots Corrupted 1 | . . . . . 1 . . . . Combat Hostiles 1 | . . . . . 1 . . . . Parts Fried 5 | . . . . . 5 . . . . Impact Corruptions . | . . . . . . . . . . Robots Melted 2 | . . . . . 2 . . . . Combat Hostiles 2 | . . . . . 2 . . . . Parts Melted 12 | . . . . . 7 2 3 . . Heat Transferred 4405 | . . . . . 2592 629 1184 . . Parts Sabotaged . | . . . . . . . . . . Parts Stolen . | . . . . . . . . . . Parts Stripped . | . . . . . . . . . . Power Chain Reactions 3 | . . . . . 3 . . . . Alert | -11 -10 -10 -10 -9 -8 -7 -7 -7 -7 ------- Run | Yrd Mat Min Exi Min Mat Fac Gar Fac Low Maximum Alert Level 3 | . 1 . . . 1 . 3 2 . Low Security (%) 49 | 100 97 100 . 100 88 100 26 2 . Level 1 25 | . 2 . . . 11 . 9 59 . Level 2 16 | . . . . . . . 21 37 . Level 3 7 | . . . . . . . 43 . . Level 4 . | . . . . . . . . . . Level 5 . | . . . . . . . . . . High Security . | . . . . . . . . . . Max Security . | . . . . . . . . . . Peak Influence 918 | . 206 96 . . 220 82 918 481 . Initial 481 | . . 26 . . . 82 21 481 . Average 257 | . 84 59 . . 121 49 534 331 . Influence Increases 3466 | . 494 70 . . 828 44 1017 863 150 Destroy 0b10 Robot/C 2020 | . 320 60 . . 460 20 520 560 80 Destroy 0b10 Robot/NC 90 | . 25 . . . 40 . . 25 . Destroy Leader 486 | . 86 10 . . 148 10 30 192 10 Trap Triggered on 0b10 30 | . . . . . . . 30 . . Successful Hack 131 | . 16 . . . 48 14 12 41 . Disable Machine 120 | . 15 . . . 45 . 60 . . Anti-Garrison Action 150 | . . . . . . . 150 . . Destroy Structure 64 | . 2 . . . 57 . 5 . . Lose Combat Pursuer 375 | . 30 . . . 30 . 210 45 60 Influence Decreases 3236 | . 425 113 26 . 645 197 129 1350 351 Entered New Map 777 | . . 43 26 . . 101 9 437 161 Time Decay 1908 | . 425 70 . . 530 70 . 693 120 Lost Part 551 | . . . . . 115 26 120 220 70 Squads Dispatched 24 | . 4 . . . 4 2 . 14 . Investigation 5 | . 2 . . . . 1 . 2 . Extermination 5 | . . . . . . . . 5 . Reinforcement 10 | . 2 . . . 4 . . 4 . Assault . | . . . . . . . . . . Garrison 4 | . . . . . . 1 . 3 . Intercept . | . . . . . . . . . . Searches Triggered . | . . . . . . . . . . Construction Impeded 1 | . . . . . . . . 1 . Haulers Reinforced 1 | . . . . . . . . 1 . Active Scanning Responses . | . . . . . . . . . . Cargo Convoy Interrupts . | . . . . . . . . . . Stealth | -11 -10 -10 -10 -9 -8 -7 -7 -7 -7 --------- Run | Yrd Mat Min Exi Min Mat Fac Gar Fac Low Distress Signals 3 | . 1 . . . 2 . . . . Communications Jammed . | . . . . . . . . . . Distress Signals . | . . . . . . . . . . Times Spotted 158 | . 24 3 . 3 39 2 32 43 12 Peak Tracking Total 5 | . 3 3 . 2 5 2 5 4 3 Tactical Retreats 19 | . 1 . . . 2 . 10 2 4 Traps | -11 -10 -10 -10 -9 -8 -7 -7 -7 -7 ------- Run | Yrd Mat Min Exi Min Mat Fac Gar Fac Low Traps Triggered 5 | . 1 . . . 1 . 1 2 . Indirectly . | . . . . . . . . . . Trap Hack Attempts . | . . . . . . . . . . Triggered . | . . . . . . . . . . Disarmed . | . . . . . . . . . . Reprogrammed . | . . . . . . . . . . Reused 3 | . . . . . . . 3 . . Traps Extracted . | . . . . . . . . . . Installed 5 | . . . . . . . 4 1 . Triggered 3 | . . . . . . . 3 . . Most Traps Carried 4 | . . . . . . . 4 3 . Machines | -11 -10 -10 -10 -9 -8 -7 -7 -7 -7 ---------- Run | Yrd Mat Min Exi Min Mat Fac Gar Fac Low Machines Disabled 8 | . 1 . . . 3 . 4 . . Max in Single Turn 1 | . 1 . . . 1 . 1 . . Garrison Access 2 | . . . . . . . . 2 . Machines Repaired . | . . . . . . . . . . Machines Dismantled . | . . . . . . . . . . Machines Sabotaged . | . . . . . . . . . . Overloaded Fab Kills . | . . . . . . . . . . Hacking | -11 -10 -10 -10 -9 -8 -7 -7 -7 -7 --------- Run | Yrd Mat Min Exi Min Mat Fac Gar Fac Low Machines Accessed 27 | . 5 . 1 . 11 1 1 8 . Terminals 20 | . 5 . . . 9 . 1 5 . Fabricators 1 | . . . . . . . . 1 . Repair Stations . | . . . . . . . . . . Recycling Units . | . . . . . . . . . . Scanalyzers 1 | . . . . . 1 . . . . Garrison Access 4 | . . . . . 1 1 . 2 . Total Hacks 65 | . 11 . 1 . 31 3 3 16 . Successful 35 | . 6 . 1 . 16 2 2 8 . Failed 30 | . 5 . . . 15 1 1 8 . Catastrophic 9 | . 2 . . . 2 1 1 3 . Database Lockouts . | . . . . . . . . . . Manual 43 | . 9 . 1 . 19 . 2 12 . Terminals 50 | . 11 . . . 25 . 3 11 . Fabricators 3 | . . . . . . . . 3 . Repair Stations . | . . . . . . . . . . Recycling Units . | . . . . . . . . . . Scanalyzers 3 | . . . . . 3 . . . . Garrison Access 8 | . . . . . 3 3 . 2 . Terminal Hacks 13 | . 3 . 1 . 7 . 1 1 . Prototype ID Bank 3 | . 1 . . . 2 . . . . Branch Access Points 2 | . 1 . . . 1 . . . . Emergency Access Points 1 | . . . . . . . 1 . . Patrol Status 1 | . . . . . 1 . . . . Investigation Status 1 | . . . . . 1 . . . . Reinforcement Status 1 | . 1 . . . . . . . . Recall Investigation 2 | . . . . . 1 . . 1 . Zone Layout 1 | . . . . . 1 . . . . Proto ID Catalog 1 | . . . 1 . . . . . . Fabricator Hacks 1 | . . . . . . . . 1 . Network Status 1 | . . . . . . . . 1 . Repair Station Hacks . | . . . . . . . . . . Recycling Unit Hacks . | . . . . . . . . . . Scanalyzer 2 | . . . . . 2 . . . . Insert Component 1 | . . . . . 1 . . . . Analyze 1 | . . . . . 1 . . . . Garrison Access Hacks 4 | . . . . . . 2 . 2 . Unlock Access 1 | . . . . . . 1 . . . Seal Access 2 | . . . . . . . . 2 . Coupler Status 1 | . . . . . . 1 . . . Unauthorized Hacks 15 | . 3 . . . 7 . 1 4 . Terminals 15 | . 3 . . . 7 . 1 4 . Botnet 13 | . 2 . . . 7 . 1 3 . Operators 2 | . 1 . . . . . . 1 . Fabricators . | . . . . . . . . . . Repair Stations . | . . . . . . . . . . Recycling Units . | . . . . . . . . . . Scanalyzers . | . . . . . . . . . . Garrison Access . | . . . . . . . . . . Data Cores Recovered 1 | . . . . . . . . 1 . Used . | . . . . . . . . . . Hacking Detections 21 | . 4 . . . 9 1 1 6 . Full Trace Events 5 | . 1 . . . . 1 1 2 . Feedback Events . | . . . . . . . . . . Feedback Blocked . | . . . . . . . . . . Robot Schematics Acquired . | . . . . . . . . . . Robots Built . | . . . . . . . . . . Authchips . | . . . . . . . . . . Time . | . . . . . . . . . . Total Robot Build Rating . | . . . . . . . . . . Part Schematics Acquired 1 | . . . . . 1 . . . . Parts Built . | . . . . . . . . . . Authchips . | . . . . . . . . . . Time . | . . . . . . . . . . Total Part Build Rating . | . . . . . . . . . . Parts Repaired . | . . . . . . . . . . Time . | . . . . . . . . . . Parts Recycled . | . . . . . . . . . . Recycled Matter . | . . . . . . . . . . Retrieved Matter . | . . . . . . . . . . Retrieved Components . | . . . . . . . . . . Parts Scanalyzed 1 | . . . . . 1 . . . . Part Schematics Acquired 1 | . . . . . 1 . . . . Parts Damaged . | . . . . . . . . . . Bothacking | -11 -10 -10 -10 -9 -8 -7 -7 -7 -7 ------------ Run | Yrd Mat Min Exi Min Mat Fac Gar Fac Low Used RIF Installer 1 | . . . . . . . 1 . . Robots Hacked 3 | . . . . . . . . 3 . Non-combat 3 | . . . . . . . . 3 . Combat . | . . . . . . . . . . Robot Hacks Applied 3 | . . . . . . . . 3 . parse_system 1 | . . . . . . . . 1 . no_distress 1 | . . . . . . . . 1 . check_alert 1 | . . . . . . . . 1 . Relay Couplers Released . | . . . . . . . . . . Fabnet Peak Effective % . | . . . . . . . . . . Robots Rewired . | . . . . . . . . . . Allies Hacked . | . . . . . . . . . . Hacks Repelled . | . . . . . . . . . . Allies | -11 -10 -10 -10 -9 -8 -7 -7 -7 -7 -------- Run | Yrd Mat Min Exi Min Mat Fac Gar Fac Low Total Allies . | . . . . . . . . . . Largest Group . | . . . . . . . . . . Highest-Rated Group . | . . . . . . . . . . Highest-Rated Ally . | . . . . . . . . . . Total Orders . | . . . . . . . . . . Ally Attacks . | . . . . . . . . . . Total Damage . | . . . . . . . . . . Kills . | . . . . . . . . . . Allies Corrupted . | . . . . . . . . . . Allies Melted . | . . . . . . . . . . Intel | -11 -10 -10 -10 -9 -8 -7 -7 -7 -7 ------- Run | Yrd Mat Min Exi Min Mat Fac Gar Fac Low Active Infowar (turns) 289 | . . . . . . . . 180 109 ECM 289 | . . . . . . . . 180 109 Robot Analysis Total . | . . . . . . . . . . Derelict Logs Recovered 1 | . . . . . . . . . 1 Drone Launches . | . . . . . . . . . . Drone Recoveries . | . . . . . . . . . . Exploration | -11 -10 -10 -10 -9 -8 -7 -7 -7 -7 ------------- Run | Yrd Mat Min Exi Min Mat Fac Gar Fac Low Turns Passed 8806 | 43 1455 147 465 199 1781 154 1459 2857 246 Spaces Moved 4619 | 39 693 70 245 97 981 102 909 1360 123 Core 120 | 21 . . . . 7 . . 92 . Treads 343 | . . . . . . . . 220 123 Legs 4145 | 18 693 70 245 97 974 102 909 1037 . Wheels . | . . . . . . . . . . Hover . | . . . . . . . . . . Flight 11 | . . . . . . . . 11 . Fastest Speed 50 | 50 120 190 190 190 120 120 122 100 160 Average Speed 153 | 82 174 190 190 190 134 120 134 163 160 Slowest Speed 800 | 120 190 190 190 190 700 120 270 800 160 Overloaded Moves . | . . . . . . . . . . Propulsion Burnouts . | . . . . . . . . . . Robots Hopped . | . . . . . . . . . . Potential Cave-ins . | . . . . . . . . . . Cave-ins Triggered . | . . . . . . . . . . Exploration Rate (%) 40 | 4 92 25 68 16 82 3 65 33 20 Regions Visited 9 Branch Regions 4 Pre-discovered Areas . | . . . . . . . . . . Known Exits Taken 2 | . 1 . . . . 1 . . . Unknown Exits Taken 6 | 1 . 1 1 1 1 . . 1 . Scrap Searched 5 | . . . . . . . . . 5 Spaces Dug . | . . . . . . . . . . Terrain Destroyed 77 | . . . . 6 65 . 6 . . Melee . | . . . . . . . . . . Projectile 19 | . . . . . 13 . 6 . . AOE 58 | . . . . 6 52 . . . . Terrain Rammed . | . . . . . . . . . . Walls Destroyed . | . . . . . . . . . . Machines Disabled . | . . . . . . . . . . Actions | -11 -10 -10 -10 -9 -8 -7 -7 -7 -7 --------- Run | Yrd Mat Min Exi Min Mat Fac Gar Fac Low Total 5735 | 49 818 74 245 111 1293 116 1069 1807 153 Wait 435 | . 28 . . 6 146 . 37 210 8 Move 4609 | 38 692 69 244 96 980 101 907 1359 123 Hop . | . . . . . . . . . . Pick Up 103 | 5 14 . 1 3 33 2 22 22 1 Fast Attach 10 | 1 . . . . . . . 8 1 Attach 78 | 5 2 . . 1 23 2 20 24 1 Detach 12 | . . . . . 2 . 6 4 . Swap 34 | . 9 . . 1 11 . 2 9 2 Drop 48 | . 4 . . 2 16 . 6 18 2 Fire 251 | . 66 5 . 1 82 11 55 31 . Melee 145 | . . . . . . . 9 121 15 Ram . | . . . . . . . . . . Kick 4 | . 3 . . 1 . . . . . Crush . | . . . . . . . . . . Escape Stasis . | . . . . . . . . . . Rewire 1 | . . . . . . . 1 . . Trap 5 | . . . . . . . 4 1 . Miscellaneous . | . . . . . . . . . . Route ------- -11/Scrapyard -10/Materials (discovered 6 exits: [*Mat x3] / *Min x2 / [*Sub]) -10/Mines -10/Exiles (discovered 2 exits: [*Min x2]) -9/Mines -8/Materials (discovered 2 exits: *Fac x2) -7/Factory -7/Garrison -7/Factory (discovered 2 exits: [*Fac] / [*Low]) -7/Lower Caves (discovered 1 exit: Low) History --------- Turn | Location | Event 5 | -11/Scrapyard | Discovered new exit (range 13) 44 | -11/Scrapyard | Entered Materials 131 | -10/Materials | Discovered new exit (range 7) 239 | -10/Materials | Discovered new exit (range 5) 277 | -10/Materials | Discovered new exit (range 13) 307 | -10/Materials | Build established: Mutant 594 | -10/Materials | Discovered new exit (range 12) 644 | -10/Materials | Derelicts attacked the area 677 | -10/Materials | Identified exit to Mines 689 | -10/Materials | Discovered new exit (range 13) 854 | -10/Materials | Discovered new exit (range 10) 1499 | -10/Materials | Entered Mines 1506 | -10/Mines | Met a Derelict bent on vengeance 1619 | -10/Mines | Deemed a non-threat by the Exiles lab entrance 1619 | -10/Mines | Discovered new exit (range 5) 1646 | -10/Mines | Entered Exiles 1675 | -10/Exiles | Discovered new exit (range 15) 1694 | -10/Exiles | Met 8R-AWN 1726 | -10/Exiles | Met EX-HEX 1781 | -10/Exiles | Met EX-BIN 1804 | -10/Exiles | Aligned with FarCom system 1806 | -10/Exiles | Given EX-Vault access code 1850 | -10/Exiles | Opened EX-Vault 1865 | -10/Exiles | Found AWS/Gauss 1904 | -10/Exiles | Warned to stay clear of 0b10 Research branches 1955 | -10/Exiles | Met EX-DEC 2096 | -10/Exiles | Discovered new exit (range 10) 2111 | -10/Exiles | Left Exiles lab with AWS/Gauss 2111 | -10/Exiles | Entered Mines 2149 | -9/Mines | Received a Rocket Launcher from a helpful Derelict 2163 | -9/Mines | Assembled infested the area 2256 | -9/Mines | Discovered new exit (range 7) 2310 | -9/Mines | Entered Materials 2310 | -8/Materials | Evolved 4 slots: Propulsion x1, Utility x3 2475 | -8/Materials | Lost 3 parts (1p1n1u) 2653 | -8/Materials | Lost 3 parts (2n1w) 2891 | -8/Materials | Discovered new exit (range 9) 2970 | -8/Materials | Build established: Scavenger-Mutant 3697 | -8/Materials | Build established: Mutant 4056 | -8/Materials | Discovered new exit (range 3) 4058 | -8/Materials | Core integrity fell below 50% 4091 | -8/Materials | Entered Factory 4091 | -7/Factory | Evolved 2 slots: Propulsion x1, Utility x1 4104 | -7/Factory | Lost 4 parts (2n1u1w) 4209 | -7/Factory | Identified exit to Garrison 4245 | -7/Factory | Entered Garrison 4267 | -7/Garrison | Lost 4 parts (1p1n1u1w) 4283 | -7/Garrison | Triggered checkpoint 4569 | -7/Garrison | Triggered checkpoint 4923 | -7/Garrison | Triggered checkpoint 5093 | -7/Garrison | Triggered checkpoint 5152 | -7/Garrison | Installed Relay Interface Framework 5322 | -7/Garrison | System corruption reached 10% 5358 | -7/Garrison | Lost 10 parts (1p3n5u1w) 5688 | -7/Garrison | Discovered new exit (range 8) 5704 | -7/Garrison | Entered Factory 5736 | -7/Factory | Build established: Scavenger-Mutant 6876 | -7/Factory | Allied Derelicts emerged from ambush trap array 7059 | -7/Factory | Lost 3 parts (2n1u) 7059 | -7/Factory | Lost 3 allies 7491 | -7/Factory | Lost 3 parts (1n1u1w) 7569 | -7/Factory | Discovered new exit (range 15) 7688 | -7/Factory | Garrison activated, responded to threat 7711 | -7/Factory | Core integrity fell below 50% 7856 | -7/Factory | Lost 4 parts (1n2u1w) 8067 | -7/Factory | Core integrity fell below 20% 8119 | -7/Factory | Build established: Mutant 8532 | -7/Factory | Discovered new exit (range 16) 8561 | -7/Factory | Entered Lower Caves 8734 | -7/Lower Caves | Lost 4 parts (2n2u) 8771 | -7/Lower Caves | Identified exit to Lower Caves 8806 | -7/Lower Caves | System corruption reached 30% 8807 | -7/Lower Caves | Destroyed by B-48 Gladiator with Mace Last Messages --------------- 08690_ Med. Treads destroyed. 08690_ Destroyed Lgt. Nuclear Core. 08690_ S-27 Virus destroyed. 08692_ ECM Suite destroyed. 08697_ System corrupted: Substantial component data lost. 08700_ VTOL Module fries itself beyond repair. 08700_ Destroyed VTOL Module. 08703_ Recalibrator destroyed. 08705_ S-27 Virus Autogun severed. 08737_ System corrupted: Matter fused (-7). 08755_ 58DVQYOM5UTJU>KPDKRKPZIX OGUN% S 08771_ Acquired derelict log, extracted data. Loading 1 Lower Caves exit... 08773_